 Dungeon Crawl Stone Soup version 0.24.0-125-gc4c63601f3 (webtiles) character file.

Game seed: 146899469190186349, levelgen mode: deterministic

783 Curus the Carver (level 7, -5/51 HPs)
             Began as a Minotaur Monk on Mar 6, 2020.
             Was a Priest of Okawaru.
             Slain by a gnoll
             ... wielding a +3 halberd of chopping
              (8 damage)
             ... on level 4 of the Dungeon.
             The game lasted 00:12:27 (2186 turns).

Curus the Carver (Minotaur Monk)                    Turns: 2186, Time: 00:12:27

Health: -5/51      AC:  7    Str: 17 (18) XL:     7   Next: 55%
Magic:  15/15      EV: 12    Int:  6 (7)  God:    Okawaru [***...]
Gold:   217        SH:  0    Dex: 11 (14) Spells: 6/6 levels left

rFire    . . .     SeeInvis .   a - +1 falchion
rCold    . . .     Gourm    .   (no shield)
rNeg     . . .     Faith    .   d - +0 leather armour
rPois    .         Spirit   .   (helmet restricted)
rElec    .         Reflect  .   i - +2 cloak
rCorr    .         Harm     .   (no gloves)
MR       .....     Clarity  +   k - +0 pair of boots
Stlth    +.........             e - amulet of regeneration
HPRegen  0.57/turn              h - +2 ring of strength
MPRegen  0.14/turn              n - ring of magical power

@: no status effects
A: retaliatory headbutt, horns 2, clarity, frail 1, mutation resistance 1
a: Heroism, Renounce Religion


You were on level 4 of the Dungeon.
You worshipped Okawaru.
Okawaru was most pleased with you.
You were not hungry.

You visited 1 branch of the dungeon, and saw 4 of its levels.

You collected 217 gold pieces.

Inventory:

Hand Weapons
 a - a +1 falchion (weapon)
Armour
 b - a +0 robe
 d - a +0 leather armour (worn)
 i - a +2 cloak (worn)
 k - a +0 pair of boots (worn)
Jewellery
 e - an amulet of regeneration (around neck)
 f - an uncursed amulet of the acrobat {unknown}
 h - a +2 ring of strength (left hand)
 n - a ring of magical power (right hand)
 o - a +5 amulet of reflection
Wands
 g - a wand of iceblast (3)
 q - a wand of flame (23)
Scrolls
 j - a scroll of amnesia
 m - a scroll of teleportation
 r - a scroll of identify
Potions
 l - 2 potions of flight
 p - a potion of curing
Comestibles
 c - 9 rations


   Skills:
 - Level 3.6 Fighting
 + Level 10.6 Long Blades
 - Level 0.4 Armour
 - Level 3.2 Dodging
 - Level 1.5 Stealth


You had 6 spell levels left.
You didn't know any spells.
Your spell library was empty.

Dungeon Overview and Level Annotations

Branches:
Dungeon (4/15)
 Temple: D:4-7

Altars:
Ashenzari
Elyvilon
Makhleb
Okawaru
Sif Muna
Vehumet


Innate Abilities, Weirdness & Mutations

You reflexively headbutt those who attack you in melee.
You have a pair of horns on your head.
You possess an exceptional clarity of mind.
You are frail. (-10% HP)
You are somewhat resistant to further mutation.


Message History

You hit the orc.
The orc is moderately wounded.
The orc hits you but does no damage.
The gnoll hits you from afar with a +0 trident.
* * * LOW HITPOINT WARNING * * *
You hit the orc.
You kill the orc!
Okawaru accepts your kill. The gnoll closely misses you.
You hit the orc.
You kill the orc!
Okawaru accepts your kill.
You closely miss the gnoll. You headbutt the gnoll.
The gnoll is lightly wounded.
The gnoll barely misses you.
You barely miss the gnoll.
You headbutt the gnoll, but do no damage.
The gnoll is lightly wounded.
The gnoll hits you with a +3 halberd of chopping!
You die...

#.....# #....
##..### ##....
######.g# .
......
.........####.#
...##...
###.....g.....#
....#...
###.####.####w..
........
.......g.##
...##..
###...†g#.# .
### #..###@## #
#. ### #.##### #
#...... ..#
#.##### #<# #.##
# #.# .#...##
#.# #...... ###
#.# #...... ..#
#.# ..#....


You could see 2 gnolls.

Vanquished Creatures
  Sigmund (D:2)
  A phantom (D:4)
  A scorpion (D:4)
  3 orc priests
  2 hounds (D:4)
  4 orc wizards
  A worker ant (D:3)
  3 adders
  9 gnolls
  A worm (D:2)
  3 dart slugs (D:1)
  5 leopard geckos
  12 orcs
  3 giant cockroaches
  8 goblins
  8 hobgoblins
  10 jackals
  A quokka (D:4)
  A ball python (D:3)
  6 bats
  6 frilled lizards
  3 kobolds
  A leopard gecko skeleton (D:4)
  12 rats
105 creatures vanquished.

Notes
Turn   | Place    | Note
-------+----------+-------------------------------------------
     0 | D:1      | Curus the Minotaur Monk began the quest for the Orb.
     0 | D:1      | Reached XP level 1. HP: 19/19 MP: 0/0
    35 | D:1      | Reached skill level 4 in Long Blades
    42 | D:1      | Reached XP level 2. HP: 26/26 MP: 1/1
   169 | D:1      | Reached skill level 5 in Long Blades
   221 | D:1      | Reached XP level 3. HP: 30/31 MP: 2/2
   527 | D:2      | Noticed Sigmund
   542 | D:2      | Killed Sigmund
   542 | D:2      | Reached skill level 7 in Long Blades
   542 | D:2      | Reached XP level 4. HP: 12/39 MP: 3/3
   542 | D:2      | Reached XP level 5. HP: 14/45 MP: 4/4
   613 | D:2      | Found a shattered altar of Ashenzari.
   775 | D:2      | Found a white marble altar of Elyvilon.
   929 | D:2      | Found an iron altar of Okawaru.
   929 | D:2      | Found a radiant altar of Vehumet.
   936 | D:2      | Became a worshipper of Warmaster Okawaru
   936 | D:2      | Reached * piety under Okawaru
   936 | D:2      | Reached ** piety under Okawaru
   997 | D:2      | Reached skill level 8 in Long Blades
  1074 | D:3      | Reached XP level 6. HP: 23/51 MP: 5/5
  1755 | D:3      | Found a burning altar of Makhleb.
  1755 | D:3      | Found a shimmering blue altar of Sif Muna.
  1882 | D:4      | Reached skill level 9 in Long Blades
  1937 | D:4      | Reached XP level 7. HP: 57/57 MP: 6/6
  1998 | D:4      | Reached skill level 10 in Long Blades
  2043 | D:4      | Gained mutation: You possess an exceptional clarity of
                  | mind. [potion of mutation]
  2043 | D:4      | Gained mutation: You are frail. (-10% HP) [potion of
                  | mutation]
  2043 | D:4      | Gained mutation: You are somewhat resistant to further
                  | mutation. [potion of mutation]
  2113 | D:4      | Reached *** piety under Okawaru
  2180 | D:4      | HP: 2/51 [gnoll/+0 whip (5)]
  2186 | D:4      | Slain by a gnoll

Levels and vault maps discovered:
D:1:      scummos_arrival_star, layout_rooms, minmay_pentomino_t2
D:2:      layout_rooms, elyvilon_altar_4, nicolae_ashenzari_panopticon,
          amethyst_overflow_temple_binary, uniq_sigmund
D:3:      layout_loops_cross, gammafunk_temple_overflow_wave, first_ration
D:4:      layout_loops_ring

Skill      XL: |  1  2  3  4  5  6  7 |
---------------+----------------------+-----
Long Blades    | 4 5 7 8 9 10 | 10.6
Fighting       | |  3.6
Armour         | |  0.4
Dodging        | |  3.2
Stealth        | |  1.5

Action                   |  1- 3 |  4- 6 |  7- 9 || total
-------------------------+-------+-------+-------++-------
Melee: Falchion          |    66 |   104 |    90 ||   260
       Headbutt          |    17 |    19 |    20 ||    56
  Use: Potion            |     2 |     3 |     2 ||     7
       Scroll            |     3 |     5 |       ||     8
 Stab: Sleeping          |     2 |     1 |       ||     3
  Eat: Chunk             |       |     3 |     1 ||     4
Armor: Leather armour    |     8 |    17 |    24 ||    49
       Robe              |     1 |       |       ||     1
Dodge: Dodged            |    46 |    49 |    48 ||   143
       Rpst.: Falchion   |    15 |    12 |    15 ||    42
